 Dungeon Crawl Stone Soup version 0.22-a0-877-g5c4e1af (webtiles) character file.

88 iamserjio the Chiller (level 4, -5/24 HPs)
             Began as a Deep Elf Ice Elementalist on July 29, 2018.
             Splashed by a jelly's acid (10 damage)
             ... on level 3 of the Dungeon.
             The game lasted 00:04:58 (580 turns).

iamserjio the Chiller (Deep Elf Ice Elementalist)    Turns: 580, Time: 00:04:58

Health: -5/24      AC:  0    Str:  5    XL:     4   Next: 29%
Magic:  4/12       EV: 13    Int: 21    God:
Gold:   109        SH:  0    Dex: 15    Spells: 7/11 levels left

rFire    . . .     SeeInvis .   p - +1 dagger (drain)
rCold    . . .     Gourm    .   (no shield)
rNeg     . . .     Faith    .   a - +0 robe
rPois    .         Spirit   .   (no helmet)
rElec    .         Reflect  .   m - +0 cloak
rCorr    .         Harm     .   d - +0 pair of gloves
MR       .....                  (no boots)
Stlth    ++........             (no amulet)
HPRegen  0.08/turn              h - -3 ring of slaying (curse)
MPRegen  0.13/turn              (no ring)

@: corroded, drained
A: no striking features
a: no special abilities


You were on level 3 of the Dungeon.
You were not hungry.

You visited 1 branch of the dungeon, and saw 3 of its levels.

You collected 109 gold pieces.

Inventory:

Hand Weapons
 f - a +0 club
 l - a +1 mace of protection
 o - a +0 blowgun
 p - a +1 dagger of draining (weapon)
Missiles
 q - 9 poisoned needles
Armour
 a - a +0 robe (worn)
 d - a +0 pair of gloves (worn)
 m - a +0 cloak (worn)
Jewellery
 h - a cursed -3 ring of slaying (left hand)
Scrolls
 b - a scroll of magic mapping {unknown}
 e - 3 scrolls of remove curse {unknown}
 g - a scroll of noise {unknown}
 i - 3 scrolls of teleportation {unknown}
 k - 5 scrolls of identify {unknown}
 n - a scroll of amnesia {unknown}
Potions
 j - a potion of resistance {unknown}
 r - a potion of mutation {unknown}
Comestibles
 c - 4 rations


   Skills:
 + Level 3.4(3.2) Dodging
 - Level 2.4(2.2) Stealth
 + Level 4.0(3.8) Spellcasting
   Level 1.1(0.9) Conjurations
 * Level 4.6(4.4) Ice Magic


You had 7 spell levels left.
You knew the following spells:

 Your Spells              Type           Power        Failure   Level  Hunger
a - Freeze                Ice            ###.         1%          1    None
b - Ozocubu's Armour      Chrm/Ice       ##......     14%         3    ###....

Your spell library contained the following spells:

 Spells                   Type           Power        Failure   Level  Hunger
 Throw Frost              Conj/Ice       ###...       6%          2    #......
 Summon Ice Beast         Ice/Summ       ##......     43%         4    ####...
 Throw Icicle             Conj/Ice       ###.....     38%         4    ####...


Dungeon Overview and Level Annotations

Branches:
Dungeon (3/15)

Altars:
Gozag
Makhleb


Message History

Aim: a jelly (moderately wounded)
You freeze the jelly.
The jelly is heavily wounded.
The jelly hits you but does no damage.
Casting: Freeze (safe; 1% risk of failure)
Confirm with . or Enter, or press ? or * to list all spells.
Aiming: Freeze (safe; 1% risk of failure)
Press: ? - help, Shift-Dir - straight line, f/p - jelly
Aim: a jelly (heavily wounded)
You freeze the jelly.
The jelly is almost dead.
The jelly barely misses you.
You hit the jelly but do no damage.
Your hands burn!
* * * LOW HITPOINT WARNING * * *
The jelly is almost dead.
The jelly hits you.
* * * LOW HITPOINT WARNING * * *
The acid corrodes you!
You are splashed with acid!
The acid burns!
You die...

.# ##.#..... . #.# ####
########### .# #.#
#######.##.J÷..(# ..#
#.###....#.#.#.PP.÷P#
#..##†##.....#.#.#..J...#
......'......#'#.#P÷.P.P#
.#....'........#.#JJJ.J.#
#.....').......#.#PPPJP.#
..#)#.##.......#@#J....÷#
.##.#####......##J.÷÷P.P#
# #...# ##########......#
#....# ######## #......
#.......# #.......#
#.[.....# #####..##


You could see a jelly.

Vanquished Creatures
  A howler monkey (D:2)
  An adder (D:3)
  An ooze (D:3)
  A worm (D:2)
  A leopard gecko (D:3)
  A ball python (D:2)
  A giant cockroach (D:3)
  5 goblins
  3 hobgoblins
  2 jackals (D:3)
  9 kobolds
  5 bats (D:2)
  2 frilled lizards (D:2)
33 creatures vanquished.

Vanquished Creatures (others)
  2 fungi (D:3)
  3 toadstools (D:3)
5 creatures vanquished.

Grand Total: 38 creatures vanquished

Notes
Turn   | Place    | Note
-------+----------+-------------------------------------------
     0 | D:1      | iamserjio the Deep Elf Ice Elementalist began the quest for the Orb.
     0 | D:1      | Reached XP level 1. HP: 10/10 MP: 6/6
   134 | D:2      | Found a burning altar of Makhleb.
   171 | D:2      | Reached XP level 2. HP: 12/15 MP: 4/8
   234 | D:2      | Noticed a howler monkey
   241 | D:2      | Killed a howler monkey
   241 | D:2      | Reached XP level 3. HP: 19/19 MP: 2/10
   278 | D:2      | Learned a level 3 spell: Ozocubu's Armour
   455 | D:3      | Found an opulent altar of Gozag.
   472 | D:3      | Reached XP level 4. HP: 22/24 MP: 6/11
   580 | D:3      | Splashed by a jelly's acid

Vault maps used:
D:1:      ebering_trefoil_twist
D:2:      lemuel_crystal_altar
D:3:      cheibrodos_fertilizer, first_ration, grunt_gozag_breadcrumbs,
          uniq_terence

Skill      XL: |  1  2  3  4 |
---------------+-------------+-----
Dodging        | 3 |  3.4
Ice Magic      | 4 |  4.6
Spellcasting   | 4 |  4.0
Stealth        | |  2.4
Conjurations   | |  1.1

Action                   |  1- 3 |  4- 6 || total
-------------------------+-------+-------++-------
Melee: Club              |       |    16 ||    16
       Dagger            |       |    16 ||    16
 Cast: Freeze            |    33 |    18 ||    51
 Stab: Sleeping          |       |     1 ||     1
Armor: Robe              |     4 |    10 ||    14
Dodge: Dodged            |    17 |    28 ||    45

Table legend:
 A = Spawn XP
 B = Non-spawn XP
 C = Spawn XP percentage of total XP
 D = Spawn monster count
 E = Non-spawn monster count
 F = Spawn count percentage of total count
 G = Total turns spent on level
                    A         B        C        D         E        F      G
               +---------+---------+-------+---------+---------+-------+---------
         Total |       0 |     126 |   0.0 |       0 |      33 |   0.0 |   580
               +---------+---------+-------+---------+---------+-------+---------
           D:1 |       0 |      10 |   0.0 |       0 |       5 |   0.0 |   133
           D:2 |       0 |      78 |   0.0 |       0 |      15 |   0.0 |   288
           D:3 |       0 |      38 |   0.0 |       0 |      13 |   0.0 |   159
               +---------+---------+-------+---------+---------+-------+---------
